 Dungeon Crawl Stone Soup version 0.25.1-2-g60ff931df9 (webtiles) character file.

Game seed: 3135053669894000661

220 Morbidden the Conjurer (level 5, -1/34 HPs)
             Began as an Octopode Conjurer on Aug 5, 2020.
             Killed from afar by an orc wizard (5 damage)
             ... with a magic dart
             ... on level 4 of the Dungeon.
             The game lasted 00:04:48 (4566 turns).

Morbidden the Conjurer (Octopode Conjurer)          Turns: 4566, Time: 00:04:48

Health: -1/34      AC:  1    Str:  8    XL:     5   Next: 97%
Magic:  8/8        EV: 14    Int: 18    God:
Gold:   148        SH:  0    Dex: 12    Spells: 6/9 levels left

rFire    . . .     SeeInvis +     - Unarmed
rCold    . . .     Gourm    .   (no shield)
rNeg     . . .     Faith    .   (helmet restricted)
rPois    .         Spirit   .   (no amulet)
rElec    .         Reflect  .   l - ring of see invisible
rCorr    .         Harm     .   (no ring)
MR       .....                  (no ring)
Stlth    +++.......             (no ring)
HPRegen  0.11/turn              (no ring)
MPRegen  0.11/turn              (no ring)
                                (no ring)
                                (no ring)

@: no status effects
A: almost no armour, stealthy swim, amphibious, 8 rings, constrict 8, camouflage
1, gelatinous body 1
a: no special abilities


You were on level 4 of the Dungeon.
You were not hungry.

You visited 1 branch of the dungeon, and saw 4 of its levels.

You collected 188 gold pieces.
You spent 40 gold pieces at shops.

Inventory:

Missiles
 h - a throwing net (quivered)
Jewellery
 l - a ring of see invisible (left tentacle)
Scrolls
 g - a scroll of identify
 i - a scroll of noise {unknown}
 j - a scroll of fog
 k - a scroll of fear {unknown}
 o - a scroll of teleportation {unknown}
 p - 2 scrolls of enchant weapon
 q - a scroll of blinking {unknown}
Potions
 a - a potion of mutation {unknown}
 c - 2 potions of heal wounds {unknown}
 d - a potion of curing {unknown}
 e - 2 potions of stabbing {unknown}
 f - a potion of might
 n - a potion of invisibility {unknown}
Comestibles
 b - 3 rations
 m - a chunk of flesh


   Skills:
 * Level 2.0 Fighting
 * Level 3.0 Dodging
 + Level 4.1 Stealth
 + Level 1.7 Unarmed Combat
 * Level 2.5 Spellcasting
 * Level 4.9 Conjurations


You had 6 spell levels left.
You knew the following spells:

 Your Spells              Type           Power        Failure   Level  Hunger
a - Magic Dart            Conj           ###.         2%          1    #......
b - Searing Ray           Conj           ###...       3%          2    ##.....

Your spell library contained the following spells:

 Spells                   Type           Power        Failure   Level  Hunger
 Dazzling Flash           Conj/Hex       ##....       19%         3    ###....
 Fulminant Prism          Conj/Hex       ##........   52%         4    #####..
 Iskenderun's Mystic Bla  Conj/Tloc      ##......     52%         4    #####..


Dungeon Overview and Level Annotations

Branches:
Dungeon (4/15)
 Temple: D:4-7

Altars:
Makhleb
Zin

Shops:
D:4 *


Innate Abilities, Weirdness & Mutations

You cannot wear most types of armour.
You are very stealthy in the water. (Stealth+)
You are amphibious.
You can wear up to eight rings at the same time.
You can use your tentacles to constrict eight enemies at once.
Your skin changes colour to match your surroundings (Stealth+).
Your rubbery body absorbs attacks. (AC +1, EV +1)


Message History

The orc wizard struggles to escape constriction.
Unknown command.
Unknown command.
You tentacle-slap the orc. You grab the orc.
The orc is lightly wounded.
You constrict the orc. You constrict the orc wizard. You constrict the orc.
The orc hits you with a +0 hand axe.
* * * LOW HITPOINT WARNING * * *
The orc barely misses you. The howler monkey skeleton hits you.
* * * LOW HITPOINT WARNING * * *
The orc wizard mumbles some strange words.
The orc wizard blinks free!
The orc misses you.
Unknown command.
Unknown command.
Unknown command.
You release your grip on the orc. x2
Unknown command.
The orc wizard gestures at you while chanting.
The magic dart hits you.
You die...

.....# *,*#.........%***,,,,
.############,*#..........+,,,,**
............#.*#..........****,**
#.#.(.#####.#.##..........* *,**
..#...# #.#.............* *,**
###...# #.#*#.l.Z.......* *,,*
.##...# #.# #...o?......* **,,
.##...# #.# #oo...##+###** *,*
.##########(# #.@o..#.....,* *,,
.# #........# #.....#.....,* *,,
.# #.(......###..o..#.....,* *,,
.# #......................,* *,,
## #......................,* *,*
# #......................,* *,* #
#......................,****,* #
#......................,**,,,, #
#.......#......#...####***,,,,


You could see an orc wizard, 4 orcs, a leopard gecko and a howler monkey
skeleton.

Vanquished Creatures
  An orc wizard (D:3)
  Terence (D:2)
  Crazy Yiuf (D:2)
  5 adders
  3 worms (D:3)
  3 dart slugs
  3 leopard geckos
  2 orcs (D:3)
  2 ball pythons (D:2)
  7 giant cockroaches
  7 goblins
  9 hobgoblins
  A quokka (D:3)
  8 bats
  9 frilled lizards
  5 kobolds
  13 rats
80 creatures vanquished.

Notes
Turn   | Place    | Note
-------+----------+-------------------------------------------
     0 | D:1      | Morbidden the Octopode Conjurer began the quest for the
                  | Orb.
     0 | D:1      | Reached XP level 1. HP: 11/11 MP: 3/3
   272 | D:1      | Reached XP level 2. HP: 17/17 MP: 5/5
   560 | D:1      | Learned a level 2 spell: Searing Ray
   860 | D:1      | Reached skill level 1 in Fighting
   860 | D:1      | Reached XP level 3. HP: 17/23 MP: 4/6
  1682 | D:2      | Noticed Terence
  1694 | D:2      | Killed Terence
  1694 | D:2      | Reached XP level 4. HP: 25/28 MP: 0/7
  2029 | D:2      | Found a glowing silver altar of Zin.
  2616 | D:2      | Found a runed translucent door.
  2617 | D:2      | Noticed Crazy Yiuf
  2624 | D:2      | Killed Crazy Yiuf
  2624 | D:2      | Reached skill level 1 in Unarmed Combat
  2894 | D:2      | Reached XP level 5. HP: 15/33 MP: 4/8
  2927 | D:2      | HP: 1/34 [poisoned by an adder]
  3394 | D:3      | Found a burning altar of Makhleb.
  4518 | D:4      | Found Uhuepn's General Store.
  4527 | D:4      | Bought a potion of might for 40 gold pieces
  4566 | D:4      | Killed from afar by an orc wizard

Illustrated notes

Levels and vault maps discovered:
D:1:      mrwooster_arrival_statue, layout_loops_ring
D:2:      layout_basic, zin_statuary, minmay_worlds_worst_comb,
          uniq_crazy_yiuf_cottage, uniq_terence
D:3:      layout_rooms, lemuel_crystal_altar, eino_tiny_chamber,
          hangedman_abyss_or_decor_stabs
D:4:      layout_basic, serial_shops, nicolae_shop_crystal

Skill      XL: |  1  2  3  4  5 |
---------------+----------------+-----
Fighting       | 1 2 |  2.0
Stealth        | 3 4 |  4.1
Unarmed Combat | 1 |  1.7
Dodging        | 3 |  3.0
Spellcasting   | |  2.5
Conjurations   | |  4.9

Action                   |  1- 3 |  4- 6 || total
-------------------------+-------+-------++-------
Melee: Unarmed           |    82 |   102 ||   184
       Tentacles         |    14 |    17 ||    31
       Constrict         |    25 |    31 ||    56
 Cast: Magic Dart        |     8 |    20 ||    28
       Searing Ray       |     4 |     7 ||    11
  Use: Scroll            |       |     4 ||     4
 Stab: Sleeping          |    10 |     3 ||    13
       Distracted        |       |     1 ||     1
  Eat: Chunk             |     3 |     9 ||    12
Armor: Skin              |    10 |     9 ||    19
Dodge: Dodged            |    60 |    81 ||   141
